 Dungeon Crawl Stone Soup version 0.27-a0-1591-gc56fcc985a (webtiles) character file.

Game seed: 13050478757848113033

90 avis the Insei (level 4, 0/29 HPs)
             Began as an Octopode Transmuter on July 19, 2021.
             Slain by a gnoll (5 damage)
             ... on level 3 of the Dungeon.
             The game lasted 00:14:08 (2711 turns).

avis the Insei (Octopode Transmuter)                Turns: 2711, Time: 00:14:09

Health: 0/29       AC:  2    Str: 10    XL:     4   Next: 56%
Magic:  2/7        EV: 19    Int: 15    God:
Gold:   48         SH:  0    Dex: 17    Spells: 3/7 levels left

rFire    . . .     SeeInvis .     - Unarmed
rCold    . . .     Faith    .   (shield currently unavailable)
rNeg     . . .     Spirit   .   (helmet currently unavailable)
rPois    x         Reflect  .   (no amulet)
rElec    .         Harm     .   (no ring)
rCorr    .         Rampage  .   (no ring)
Will     .....                  (no ring)
Stlth    ++........             (no ring)
HPRegen  0.09/turn              (no ring)
MPRegen  0.10/turn              (no ring)
                                (no ring)
                                (no ring)

@: spider-form
A: venomous fangs, almost no armour, (amphibious), 8 rings, tiny, (camouflage
1), (gelatinous body 1), (nimble swimmer 1), (tentacles)
a: End Transformation


You were on level 3 of the Dungeon.
You were a venomous arachnid creature.
You visited 1 branch of the dungeon, and saw 3 of its levels.

You collected 48 gold pieces.

Inventory:

Hand Weapons
 a - a +4 whip (melded)
 o - a +0 short sword
Missiles
 b - 47 stones
 e - 42 sling bullets
 i - 22 bolts
 m - 17 poisoned darts
Armour
 d - a +0 buckler
Jewellery
 f - a ring of ice
Scrolls
 c - a scroll of identify {unknown}
 h - a scroll of noise {unknown}
 k - a scroll of enchant armour {unknown}
 p - a scroll of amnesia {unknown}
Potions
 g - a potion of attraction {unknown}
 j - a potion of resistance {unknown}
 l - a potion of flight {unknown}
 n - a potion of degeneration {unknown}


   Skills:
 - Level 2.0 Fighting
 - Level 2.0 Dodging
 - Level 3.0 Stealth
 - Level 1.0 Shields
 * Level 3.5 Unarmed Combat
 - Level 2.0 Spellcasting
 - Level 2.0 Transmutations
 - Level 2.0 Poison Magic


You had 3 spell levels left.
You knew the following spells:

 Your Spells              Type           Power      Damage    Failure   Level
a - Beastly Appendage     Tmut           14%        N/A       24%         1
p - Spider Form           Tmut/Pois      3%         N/A       50%         3

Your spell library contained the following spells:

 Spells                   Type           Power      Damage    Failure   Level
 Wereblood                Tmut           7%         N/A       32%         2
 Ice Form                 Ice/Tmut       4%         N/A       93%         4


Dungeon Overview and Level Annotations

Branches:
Dungeon (3/15)

Altars:
Makhleb

Shops:
D:3 *


Innate Abilities, Weirdness & Mutations

You are a venomous arachnid creature.
You have poisonous fangs.
You are tiny and dextrous.
Your spellcasting is less reliable in this form.
Your armour is entirely melded.
You are incapable of wielding weapons or throwing items.
You cannot wear most types of armour.
((You are amphibious.))
You can wear up to eight rings at the same time.
((Your skin changes colour to match your surroundings (Stealth+).))
((Your rubbery body absorbs attacks. (AC +1, EV +1)))
((You are camouflaged near water. (Stealth+)))
((You have tentacles for arms and can constrict up to eight enemies at once.))


Message History

The gnoll shouts!
You hear a shout!
A gnoll comes into view. It is wielding a +0 club.
Found Dul Opteth's General Store.
There is a stone staircase leading up here.
Casting: Beastly Appendage (safe; 10% risk of failure)
Confirm with . or Enter, or press ? or * to list all spells.
The spell is extremely dangerous to cast (28% risk of failure)!
Continue anyway?
Your tentacle spike disappears.
You turn into a venomous arachnid creature.
Your +4 whip melds into your body.
The gnoll hits you from afar with a +0 spear.
You hit the gnoll but do no damage. The gnoll barely misses you.
A gnoll comes into view. It is wielding a +0 whip.
The gnoll hits you with a +0 club!
You barely miss the gnoll. The gnoll misses you.
An orc comes into view. It is wielding a +0 club.
The gnoll closely misses you.
Your transformation is almost over.
There is an entrance to Dul Opteth's General Store here.
Your transformation has ended.
Your +4 whip unmelds from your body.
The gnoll hits you with a +0 spear!
You hit the gnoll. Your grab misses the gnoll. You squeeze the gnoll.
The gnoll is severely wounded.
The gnoll hits you with a +0 spear.
Casting: Spider Form (extremely dangerous; 28% risk of failure)
Confirm with . or Enter, or press ? or * to list all spells.
The spell is extremely dangerous to cast (28% risk of failure)!
Continue anyway?
You turn into a venomous arachnid creature.
Your +4 whip melds into your body.
The gnoll completely misses you.
You hit the gnoll.
You kill the gnoll!
You completely miss the gnoll. The gnoll closely misses you.
You hit the gnoll.
The gnoll is poisoned.
The gnoll is lightly wounded.
The gnoll hits you with a +0 whip!
* * * LOW HITPOINT WARNING * * *
You barely miss the gnoll.
The gnoll is lightly wounded.
The gnoll hits you with a +0 whip.
You die...

##########
...†......
########## # #
#. # #.### #
#...# #########
#.# .........
#s# .......#.
#g# ######.#
#######g####.##
#
.............o#
#
#######..####..
# #..# # #.<#
#..# .....


You could see 2 gnolls.

Vanquished Creatures
  A gnoll (D:3)
  An adder (D:2)
  3 dart slugs
  3 ball pythons
  4 bats
  4 endoplasms
  3 giant cockroaches
  A goblin (D:1)
  2 hobgoblins (D:2)
  17 jackals
  4 quokkas
  A frilled lizard (D:1)
  6 kobolds
  8 rats
58 creatures vanquished.

Vanquished Creatures (others)
  3 plants (D:1)
3 creatures vanquished.

Grand Total: 61 creatures vanquished

Notes
Turn   | Place    | Note
-------+----------+-------------------------------------------
     0 | D:1      | avis the Octopode Transmuter began the quest for the Orb.
     0 | D:1      | Reached XP level 1. HP: 13/13 MP: 3/3
     5 | D:1      | Found a faded altar of an unknown god.
    38 | D:1      | Reached skill level 1 in Stealth
   218 | D:1      | Reached XP level 2. HP: 16/18 MP: 3/5
   654 | D:1      | Reached skill level 1 in Shields
   741 | D:1      | Reached XP level 3. HP: 23/23 MP: 4/6
  1176 | D:2      | Learned a level 3 spell: Spider Form
  1345 | D:2      | Reached skill level 1 in Poison Magic
  1359 | D:2      | Reached XP level 4. HP: 16/29 MP: 3/7
  1949 | D:2      | Found a burning altar of Makhleb.
  2691 | D:3      | Found Dul Opteth's General Store.
  2711 | D:3      | Slain by a gnoll

Illustrated notes

Levels and vault maps discovered:
D:1:      shiori_arrival_maze, layout_loops_ring,
          chequers_ecumenical_altar_simple_redux, serial_bayou,
          serial_bayou_ford_a, serial_bayou_pond_a, serial_bayou_lagoon_a,
          serial_bayou_pond_b
D:2:      layout_basic, basic_altar, minmay_misc_feat_x
D:3:      layout_loops_ring, nicolae_overflow_crystal_walls, tso_altar,
          serial_shops, nicolae_diamond_shop,
          nicolae_shop_competitors_out_of_business, shop, uniq_purgy

Skill      XL: |  1  2  3  4 |
---------------+-------------+-----
Stealth        | 2 3 |  3.0
Shields        | 1 |  1.0
Fighting       | 2 |  2.0
Poison Magic   | 1 2 |  2.0
Dodging        | |  2.0
Unarmed Combat | |  3.5
Spellcasting   | |  2.0
Transmutations | |  2.0

Action                   |  1- 3 |  4- 6 || total
-------------------------+-------+-------++-------
Melee: Unarmed           |    19 |     8 ||    27
       Constrict         |    19 |     7 ||    26
       Tentacles         |    11 |     3 ||    14
       Short sword       |    48 |    27 ||    75
       Kick              |    12 |     5 ||    17
       Punch             |     1 |       ||     1
       Whip              |       |     1 ||     1
 Cast: Beastly Appendage |    26 |    14 ||    40
       Spider Form       |     1 |     2 ||     3
 Stab: Sleeping          |    11 |     9 ||    20
Armor: Skin              |     5 |     3 ||     8
Dodge: Dodged            |    37 |    15 ||    52

Table legend: (Time is in decaauts)
 A = Elapsed time spent in this place.
 B = Non-inter-level travel time spent in this place.
 C = Inter-level travel time spent in this place.
 D = Time resting spent in this place.
 E = Time spent auto-exploring this place.
 F = Levels seen in this place.
 G = Mean time per level.
                   A        B        C        D        E       F      G
               +--------+--------+--------+--------+--------+-----+--------+
         Total |   2723 |   2324 |    399 |    507 |   1216 |   3 |  907.7 |
       Dungeon |   2723 |   2324 |    399 |    507 |   1216 |   3 |  907.7 |
               +--------+--------+--------+--------+--------+-----+--------+

Top non-repeatable levels by time:
     D:2: 1477 daAuts
     D:1: 1183 daAuts
     D:3: 62 daAuts
